 Dungeon Crawl Stone Soup version 0.31.0-32-g396128a36d (webtiles) character file.

Game seed: 7543172550109996940

249 Alphaeus the Ruffian (level 5, -4/49 HPs)
             Began as a Troll Shapeshifter on Mar 20, 2024.
             Slain by an orc
             ... wielding a +0 flail
              (7 damage)
             ... on level 4 of the Dungeon.
             The game lasted 00:01:44 (1709 turns).

Alphaeus the Ruffian (Troll Shapeshifter)           Turns: 1709, Time: 00:01:44

Health: -4/49      AC:  4    Str: 24    XL:     5   Next: 86%
Magic:  4/4        EV:  9    Int:  6    God:
Gold:   247        SH:  0    Dex:  9    Spells: 4/4 levels left

rFire   . .          .
                       - Unarmed
rCold   . . .        (no shield)
rNeg    . . .        a - +0 animal skin
rPois   .            (helmet currently unavailable)
rElec   .            (cloak currently unavailable)
rCorr   .            (gloves unavailable)
SInv    .            (boots unavailable)
Will    .....        m - amulet of the acrobat
Stlth   +            (no ring)
HPRegen 1.08/turn    (no ring)
MPRegen 0.09/turn

%: acrobat
@: beast-form
A: beast (slay +2), large, unfitting armour, claws 3, regeneration 1, shaggy fur
1, tough skin 1
a: Begin Untransformation


You were on level 4 of the Dungeon.
You were a hulking beast.
You visited 1 branch of the dungeon, and saw 4 of its levels.

You collected 247 gold pieces.

Inventory:

Armour
 a - a +0 animal skin (worn)
Jewellery
 m - an amulet of the acrobat (around neck)
 n - a ring of wizardry
Talismans
 c - a beast talisman
 d - a flux talisman
Wands
 l - a wand of polymorph (11)
Scrolls
 e - 4 scrolls of teleportation {unknown}
 f - 2 scrolls of vulnerability {unknown}
 h - 3 scrolls of identify {unknown}
 i - 2 scrolls of enchant armour {unknown}
 j - a scroll of noise {unknown}
Potions
 g - a potion of degeneration {unknown}
 k - a potion of resistance {unknown}


   Skills:
 + Level 2.1 Fighting
 - Level 1.5 Dodging
 * Level 4.8 Unarmed Combat
 * Level 4.5 Shapeshifting


You had 4 spell levels left.
You didn't know any spells.
Your spell library contained the following spells:

 Spells                   Type           Power      Damage    Failure   Level
 Apportation              Tloc           0%         N/A       45%         1
 Jinxbite                 Hex            0%         N/A       58%         2
 Alistair's Intoxication  Alch           0%         N/A       100%        5


Dungeon Overview and Level Annotations

Branches:
Dungeon (4/15)
 Temple: D:4-7

Altars:
Ashenzari
Hepliaklqana
Kikubaaqudgha
Vehumet


Innate Abilities, Weirdness & Mutations

You are a hulking beast.
Your limbs bulge with bestial killing power. (Slay +2)
You are too large for most types of armour.
You have claws for hands.
Your natural rate of healing is unusually fast.
You are covered in fur. (AC +1)
You have tough skin. (AC +1)


Message History

You are too injured to fight recklessly!
You are too injured to fight recklessly!
You are too injured to fight recklessly!
You are too injured to fight recklessly!
You are too injured to fight recklessly!
You are too injured to fight recklessly!
You are too injured to fight recklessly!
You are too injured to fight recklessly!
You are too injured to fight recklessly!
You are too injured to fight recklessly!
You are too injured to fight recklessly!
You are too injured to fight recklessly!
You are too injured to fight recklessly!
You are too injured to fight recklessly!
You are too injured to fight recklessly!
You are too injured to fight recklessly!
You scratch the orc priest.
The orc priest is moderately wounded.
The orc hits you with a +0 flail! The orc priest hits you with a +0 club.
* * * LOW HITPOINT WARNING * * *
The orc barely misses you.
You closely miss the orc priest.
The orc priest is moderately wounded.
You closely miss the orc priest.
The orc priest is moderately wounded.
The orc closely misses you. The orc hits you with a +0 flail.
* * * LOW HITPOINT WARNING * * *
The orc priest mumbles some strange prayers to Beogh against you.
Beogh smites you!
* * * LOW HITPOINT WARNING * * *
You claw the orc priest!
The orc priest is almost dead.
The orc hits you but does no damage. x2
The orc priest hits you but does no damage.
You scratch the orc priest but do no damage.
The orc priest is almost dead.
The orc hits you with a +0 dagger.
* * * LOW HITPOINT WARNING * * *
The orc hits you with a +0 flail!
You die...

#.# #.#####.# #.#
#.......#
#.#############
#.......#
#######'######
######.........#
#####..!...........#
#......###.........#
#....oh..+.........#
#....oo###.........#
#..._..+ #..†...####
#.._8_.# #..#+#.#
#..._..# ##.# .#
#......# ... ..
+..!...+ ... >..
#......##... ...
#.#. ..#


You could see an orc priest and 2 orcs.

Vanquished Creatures
  A bullfrog (D:4)
  A bombardier beetle (D:4)
  A hound (D:4)
  An orc wizard (D:4)
  3 adders
  A ribbon worm (D:2)
  6 orcs
  9 ball pythons
  4 endoplasms
  A giant cockroach (D:1)
  6 goblins
  4 hobgoblins
  5 kobolds
  A quokka (D:3)
  5 bats
  5 frilled lizards
  3 rats (D:2)
57 creatures vanquished.

Notes
Turn   | Place    | Note
-------+----------+-------------------------------------------
     0 | D:1      | Alphaeus the Troll Shapeshifter began the quest for the
                  | Orb.
     0 | D:1      | Reached XP level 1. HP: 18/18 MP: 0/0
   135 | D:1      | Reached skill level 1 in Fighting
   157 | D:1      | Reached XP level 2. HP: 27/27 MP: 1/1
   453 | D:2      | Reached XP level 3. HP: 31/33 MP: 2/2
   650 | D:2      | Identified the +2 great sword "Xiukom" {drain, rPois}
  1020 | D:3      | Reached XP level 4. HP: 41/41 MP: 3/3
  1617 | D:4      | Noticed a bullfrog
  1631 | D:4      | Killed a bullfrog
  1632 | D:4      | Reached XP level 5. HP: 14/49 MP: 4/4
  1693 | D:4      | Found a radiant altar of Vehumet.
  1693 | D:4      | Found a broken altar of Ashenzari.
  1693 | D:4      | Found a hazy altar of Hepliaklqana.
  1693 | D:4      | Found an ancient bone altar of Kikubaaqudgha.
  1709 | D:4      | Slain by an orc

Illustrated notes

Levels and vault maps discovered:
D:1:      evilmike_arrival_plus, layout_rooms
D:2:      layout_rooms
D:3:      layout_basic
D:4:      layout_basic, chequers_temple_overflow_statue_of_worship

Skill      XL: |  1  2  3  4  5 |
---------------+----------------+-----
Fighting       | 1 2 |  2.1
Unarmed Combat | 4 |  4.8
Shapeshifting  | 4 |  4.5
Dodging        | |  1.5

Action                     |  1- 3 |  4- 6 || total
---------------------------+-------+-------++-------
  Melee: Unarmed           |    93 |    56 ||   149
         Punch             |     1 |       ||     1
    Use: Potion            |       |     1 ||     1
 Armour: Animal skin       |    71 |    54 ||   125
         Skin              |       |     6 ||     6
  Dodge: Dodged            |    35 |    23 ||    58
